 Dungeon Crawl Stone Soup version 0.28-a0-1199-gef9e1dbd39 (webtiles) character file.

Game seed: 7756055886616117591

486 ZeroWinrate the Gusty (level 7, -1/50 HPs)
             Began as a Gnoll Wanderer on Dec 19, 2021.
             Was an Initiate of Vehumet.
             Succumbed to a hornet's poison
             ... on level 8 of the Dungeon.
             The game lasted 00:12:09 (4630 turns).

ZeroWinrate the Gusty (Gnoll Wanderer)              Turns: 4630, Time: 00:12:10

Health: -1/50      AC:  3    Str: 10    XL:     7   Next: 13%
Magic:  3/15       EV: 13    Int: 17    God:    Vehumet [......]
Gold:   122        SH:  0    Dex:  9    Spells: 4/17 levels left

rFire   . . .      SeeInvis .   l - +3 flail (venom)
rCold   . . .      Faith    .   (no shield)
rNeg    . . .      Spirit   .   b - +0 robe
rPois   .          Reflect  .   (no helmet)
rElec   .          Harm     .   c - +0 cloak
rCorr   .          Rampage  .   (no gloves)
Will    .....                   (no boots)
Stlth   ++........              (no amulet)
HPRegen 0.16/turn               (no ring)
MPRegen 0.14/turn               (no ring)

@: brilliant, lethally poisoned (-1 -> -17), slowed, very slow
A: fangs 1, strong nose, distributed training
a: Renounce Religion


You were on level 8 of the Dungeon.
You worshipped Vehumet.
Vehumet was noncommittal.
You visited 1 branch of the dungeon, and saw 8 of its levels.

You collected 122 gold pieces.

Inventory:

Hand Weapons
 a - a +0 club
 f - a +0 rapier
 g - a +1 vampiric whip
 l - a +3 flail of venom (weapon)
Armour
 b - a +0 robe (worn)
 c - a +0 cloak (worn)
 k - a +2 scale mail of fire resistance
Scrolls
 h - a scroll of vulnerability
 i - a scroll of teleportation {unknown}
 m - a scroll of blinking {unknown}
Potions
 d - a potion of brilliance
 e - a potion of magic
 j - 2 potions of flight {unknown}
 n - a potion of curing {unknown}


   Skills:
 + Level 2.3 Fighting
 + Level 2.3 Short Blades
 + Level 2.3 Long Blades
 + Level 2.3 Axes
 + Level 2.3 Maces & Flails
 + Level 2.3 Polearms
 + Level 2.3 Staves
 + Level 2.3 Slings
 + Level 2.3 Bows
 + Level 2.3 Crossbows
 + Level 2.3 Throwing
 + Level 2.3 Armour
 + Level 5.1 Dodging
 + Level 3.3 Stealth
 + Level 2.3 Shields
 + Level 2.3 Unarmed Combat
 + Level 5.5 Spellcasting
 + Level 1.8 Conjurations
 + Level 1.8 Hexes
 + Level 1.8 Summonings
 + Level 1.8 Necromancy
 + Level 1.8 Translocations
 + Level 1.8 Transmutations
 + Level 2.8 Fire Magic
 + Level 1.8 Ice Magic
 + Level 7.3 Air Magic
 + Level 1.8 Earth Magic
 + Level 1.8 Poison Magic
 + Level 2.5 Invocations
 + Level 2.3 Evocations


You had 4 spell levels left.
You knew the following spells:

 Your Spells              Type           Power      Damage    Failure   Level
a - Shock                 Conj/Air       100%       1d9       1%          1
b - Foxfire               Conj/Fire      76%        2x1d7     4%          1
c - Swiftness             Air            44%        N/A       1%          3
d - Airstrike             Air            22%        N/A       6%          4
e - Summon Lightning Spi  Summ/Air       30%        N/A       21%         4

Your spell library contained the following spells:

 Spells                   Type           Power      Damage    Failure   Level
 Conjure Flame            Conj/Fire      19%        6-21      16%         3


Dungeon Overview and Level Annotations

Branches:
Dungeon (8/15)
 Temple: D:4-7         Lair: D:8-11

Altars:
Cheibriados
Gozag
Okawaru
Vehumet


Innate Abilities, Weirdness & Mutations

You have very sharp teeth.
Your uncanny sense of smell can sniff out nearby items.
Your experience applies equally to all skills.


Message History

The hornet stings you.
You feel yourself slow down. The hornet stings you!
You feel as though you will be slow longer.
Unknown command.
Casting: Airstrike (dangerous; 6% risk of failure)
Confirm with . or Enter, or press ? or * to list all spells.
Aiming: Airstrike (dangerous; 6% risk of failure)
Press: ? - help, Dir - move target, f/p - hornet
Aim: a hornet (heavily wounded, empty space bonus: 3/8)
The air twists around and strikes the hornet!
The hornet is severely wounded.
The hornet stings you.
You are poisoned.
You feel as though you will be slow longer.
The hornet stings you!
You are more poisoned.
You suddenly lose the ability to move!
You feel very sick. The hornet stings you!
* * * LOW HITPOINT WARNING * * *
You feel as though you will be slow longer.
The hornet stings you.
* * * LOW HITPOINT WARNING * * *
You feel as though you will be slow longer.
You can move again.
Casting: Airstrike (dangerous; 6% risk of failure)
Confirm with . or Enter, or press ? or * to list all spells.
You don't have enough magic to cast this spell.
Casting: Airstrike (dangerous; 6% risk of failure)
Confirm with . or Enter, or press ? or * to list all spells.
You don't have enough magic to cast this spell.
Casting: Airstrike (dangerous; 6% risk of failure)
Confirm with . or Enter, or press ? or * to list all spells.
You don't have enough magic to cast this spell.
Casting: Airstrike (dangerous; 6% risk of failure)
Confirm with . or Enter, or press ? or * to list all spells.
You don't have enough magic to cast this spell.
You aren't carrying any items that you can evoke.
It was a potion of brilliance.
You feel clever all of a sudden.
You die...

.. ... #... #....
###... ##. #...
.....####.# #
#.../@y>#####.#
#..#.##...#...####
#.. ...
###.<....... #
#.## ##.####### #.
#.# # ..# .## ## ∆


You could see a hornet.

Vanquished Creatures
  An ice beast (D:3)
  2 hounds
  Terence (D:3)
  4 adders
  2 ufetubi
  3 worms
  A dart slug (D:1)
  7 orcs
  5 endoplasms
  3 giant cockroaches
  6 goblins
  9 hobgoblins
  4 jackals (D:1)
  8 kobolds
  7 ball pythons
  4 bats
  A frilled lizard (D:1)
  4 rats
72 creatures vanquished.

Vanquished Creatures (collateral kills)
  An orc warrior (D:7)
  An ogre (D:7)
  An orc (D:7)
3 creatures vanquished.

Vanquished Creatures (others)
  68 foxfires
68 creatures vanquished.

Grand Total: 143 creatures vanquished

Notes
Turn   | Place    | Note
-------+----------+-------------------------------------------
     0 | D:1      | ZeroWinrate the Gnoll Wanderer began the quest for the Orb.
     0 | D:1      | ZeroWinrate set off with the following items: a +0 club, a
                  | +0 robe, a +0 cloak; and the following spells available to
                  | memorise: Swiftness, Shock, Foxfire, Conjure Flame, Summon
                  | Lightning Spire
     0 | D:1      | Reached XP level 1. HP: 13/13 MP: 6/6
    18 | D:1      | Learned a level 1 spell: Shock
    20 | D:1      | Learned a level 1 spell: Foxfire
   306 | D:1      | Reached XP level 2. HP: 19/19 MP: 5/7
   907 | D:1      | Reached skill level 5 in Spellcasting
   907 | D:1      | Reached XP level 3. HP: 21/25 MP: 4/9
  1473 | D:2      | Reached skill level 1 in Invocations
  1508 | D:2      | Learned a level 3 spell: Swiftness
  1810 | D:2      | Reached skill level 1 in Fighting
  1810 | D:2      | Reached skill level 1 in Short Blades
  1810 | D:2      | Reached skill level 1 in Long Blades
  1810 | D:2      | Reached skill level 1 in Axes
  1810 | D:2      | Reached skill level 1 in Maces & Flails
  1810 | D:2      | Reached skill level 1 in Polearms
  1810 | D:2      | Reached skill level 1 in Staves
  1810 | D:2      | Reached skill level 1 in Slings
  1810 | D:2      | Reached skill level 1 in Bows
  1810 | D:2      | Reached skill level 1 in Crossbows
  1810 | D:2      | Reached skill level 1 in Throwing
  1810 | D:2      | Reached skill level 1 in Armour
  1810 | D:2      | Reached skill level 1 in Shields
  1810 | D:2      | Reached skill level 1 in Unarmed Combat
  1810 | D:2      | Reached skill level 1 in Evocations
  2150 | D:2      | Found a faded altar of an unknown god.
  2160 | D:2      | Reached XP level 4. HP: 32/32 MP: 9/11
  2292 | D:3      | Noticed Terence
  2418 | D:2      | You fall into a shaft and drop 1 floor!
  2798 | D:3      | Killed Terence
  2799 | D:3      | Reached skill level 1 in Conjurations
  2799 | D:3      | Reached skill level 1 in Hexes
  2799 | D:3      | Reached skill level 1 in Summonings
  2799 | D:3      | Reached skill level 1 in Necromancy
  2799 | D:3      | Reached skill level 1 in Translocations
  2799 | D:3      | Reached skill level 1 in Transmutations
  2799 | D:3      | Reached skill level 1 in Ice Magic
  2799 | D:3      | Reached skill level 1 in Earth Magic
  2799 | D:3      | Reached skill level 1 in Poison Magic
  3089 | D:3      | Reached XP level 5. HP: 36/37 MP: 12/12
  3114 | D:3      | Found a radiant altar of Vehumet.
  3178 | D:3      | Noticed an ice beast
  3291 | D:3      | Became a worshipper of Vehumet
  3560 | D:3      | Killed an ice beast
  3734 | D:3      | Learned a level 4 spell: Airstrike
  3739 | D:3      | Learned a level 4 spell: Summon Lightning Spire
  3870 | D:4      | Noticed an ogre
  3915 | D:4      | Reached XP level 6. HP: 39/44 MP: 13/13
  3998 | D:5      | Entered Level 5 of the Dungeon
  4008 | D:5      | Found an opulent altar of Gozag.
  4068 | D:6      | Found an iron altar of Okawaru.
  4253 | D:7      | Reached skill level 5 in Dodging
  4375 | D:7      | Found a snail-covered altar of Cheibriados.
  4387 | D:7      | Noticed an orc warrior
  4393 | D:7      | Killed an orc warrior
  4394 | D:7      | Reached XP level 7. HP: 50/50 MP: 5/15
  4486 | D:7      | Noticed a boulder beetle
  4623 | D:8      | Noticed a hornet
  4628 | D:8      | Paralysed by a hornet for 2 turns
  4630 | D:8      | Succumbed to a hornet's poison

Illustrated notes

Levels and vault maps discovered:
D:1:      lemuel_arrival_hallway, layout_loops_corners
D:2:      layout_rooms, hellmonk_ecumenical_altar_heavens_door
D:3:      layout_loops_cross, mainiacjoe_overflow_surrounded_room, uniq_terence
D:4:      layout_loops_cross, uniq_natasha, uniq_sigmund, uniq_grinder
D:5:      layout_basic, nicolae_gozag_seed_capital,
          minmay_temple_entry_gardened_gates
D:6:      layout_loops_corners, okawaru_metal_pillars_3,
          hangedman_feature_mirror, uniq_blork_the_orc, uniq_maggie,
          uniq_menkaure
D:7:      layout_rooms, nicolae_overflow_hallway_of_the_gods
D:8:      layout_rooms, xom_confusion_cloud, grunt_temple_overflow_open

Skill      XL: |  1  2  3  4  5  6 |
---------------+-------------------+-----
Fire Magic     | 2 |  2.8
Spellcasting   | 5 |  5.5
Invocations    | 1 2 |  2.5
Fighting       | 1 2 |  2.3
Short Blades   | 1 2 |  2.3
Long Blades    | 1 2 |  2.3
Axes           | 1 2 |  2.3
Maces & Flails | 1 2 |  2.3
Polearms       | 1 2 |  2.3
Staves         | 1 2 |  2.3
Slings         | 1 2 |  2.3
Bows           | 1 2 |  2.3
Crossbows      | 1 2 |  2.3
Throwing       | 1 2 |  2.3
Armour         | 1 2 |  2.3
Shields        | 1 2 |  2.3
Unarmed Combat | 1 2 |  2.3
Evocations     | 1 2 |  2.3
Conjurations   | 1 |  1.8
Hexes          | 1 |  1.8
Summonings     | 1 |  1.8
Necromancy     | 1 |  1.8
Translocations | 1 |  1.8
Transmutations | 1 |  1.8
Ice Magic      | 1 |  1.8
Earth Magic    | 1 |  1.8
Poison Magic   | 1 |  1.8
Stealth        | 3 |  3.3
Dodging        | 5 |  5.1
Air Magic      | |  7.3

Action                   |  1- 3 |  4- 6 |  7- 9 || total
-------------------------+-------+-------+-------++-------
Melee: Flail             |       |    36 |       ||    36
       Whip              |       |     2 |       ||     2
       Bite              |       |     1 |       ||     1
 Cast: Shock             |    65 |    26 |       ||    91
       Foxfire           |    25 |    20 |       ||    45
       Swiftness         |       |     1 |       ||     1
       Airstrike         |       |     4 |     3 ||     7
       Summon Lightning  |       |     1 |     1 ||     2
  Use: Scroll            |       |     2 |       ||     2
       Potion            |       |       |     1 ||     1
 Stab: Sleeping          |       |     3 |       ||     3
Armor: Robe              |     1 |    15 |       ||    16
Dodge: Dodged            |     3 |    52 |       ||    55

Table legend: (Time is in decaauts)
 A = Elapsed time spent in this place.
 B = Non-inter-level travel time spent in this place.
 C = Inter-level travel time spent in this place.
 D = Time resting spent in this place.
 E = Time spent auto-exploring this place.
 F = Levels seen in this place.
 G = Mean time per level.
                   A        B        C        D        E       F      G
               +--------+--------+--------+--------+--------+-----+--------+
         Total |   4640 |   4564 |     76 |    842 |   2784 |   8 |  580.0 |
       Dungeon |   4640 |   4564 |     76 |    842 |   2784 |   8 |  580.0 |
               +--------+--------+--------+--------+--------+-----+--------+

Top non-repeatable levels by time:
     D:3: 1538 daAuts
     D:1: 1466 daAuts
     D:2: 861 daAuts
     D:7: 367 daAuts
     D:6: 201 daAuts
     D:4: 139 daAuts
     D:5: 53 daAuts
     D:8: 12 daAuts
